 Dungeon Crawl Stone Soup version bcrawl-1.27.3 (webtiles) character file.

Game seed: 16305210453171175549

208806 MisterOstroum the Cudgeler (level 6, 0/67 HPs)
             Began as an Ogre Berserker on Aug 7, 2020.
             Was a Believer of Trog.
             Succumbed to a scorpion's poison
             ... on level 3 of the Dungeon.
             The game lasted 00:02:26 (1928 turns).

MisterOstroum the Cudgeler (Ogre Berserker)         Turns: 1928, Time: 00:02:27

Health: 0/67       AC:  6    Str: 24    XL:     6   Next: 4%
Magic:  6/6        EV: 11    Int: 13    God:    Trog [**....]
Gold:   106        SH:  0    Dex: 15    Spells: 5/5 levels left

rFire    . . .     SeeInvis .   a - +0 mace
rCold    . . .     Gourm    .   (no shield)
rNeg     . . .     Faith    .   b - +0 animal skin
rPois    .         Spirit   .   (helmet restricted)
rElec    .         Reflect  .   r - +2 cloak
rCorr    .         Harm     .   (gloves unavailable)
MR       .....                  (boots unavailable)
Stlth    +.........             h - amulet of the acrobat
HPRegen  0.21/turn              p - +7 ring of dexterity
MPRegen  0.10/turn              (no ring)

@: brilliant, lethally poisoned (0 -> -10), swift, berserk cooldown, flying,
slowed, slow
A: large, unfitting armour, tough skin 1
a: Berserk, Trog's Hand, Renounce Religion


You were on level 3 of the Dungeon.
You worshipped Trog.
Trog was pleased with you.
You were hungry.

You visited 1 branch of the dungeon, and saw 3 of its levels.

You collected 106 gold pieces.

Inventory:

Hand Weapons
 a - a +0 mace (weapon)
Missiles
 c - 128 arrows
 d - 168 bolts
 i - 728 stones (quivered)
 k - 315 sling bullets
Armour
 b - a +0 animal skin (worn)
 r - a +2 cloak (worn)
Jewellery
 h - an amulet of the acrobat (around neck)
 p - a +7 ring of dexterity (left hand)
 t - an uncursed amulet of the gourmand {unknown}
Scrolls
 g - a scroll of teleportation {unknown}
 l - 2 scrolls of identify {@r1}
 m - 3 scrolls of remove curse {@r2}
 n - a scroll of fog {unknown}
 q - 2 scrolls of enchant armour {unknown}
 w - a scroll of amnesia {unknown}
 x - a scroll of enchant weapon {unknown}
Potions
 f - 3 potions of berserk rage
 u - a potion of haste {unknown}
 v - a potion of lignification {unknown}
Comestibles
 e - 6 rations {!d}


   Skills:
 + Level 6.0 Fighting
 * Level 6.7 Maces & Flails
 - Level 2.6 Dodging


You had 5 spell levels left.
You didn't know any spells.
Your spell library was empty.

Dungeon Overview and Level Annotations

Branches:
Dungeon (3/12)

Altars:
Ru


Innate Abilities, Weirdness & Mutations

You are too large for most types of armour.
You have tough skin. (AC +1)


Message History

A gnoll comes into view. It is wielding a +0 whip.
You hit the gnoll.
The gnoll is moderately wounded.
The gnoll hits you from afar with a +0 spear!
The gnoll barely misses you.
You hit the gnoll but do no damage.
The gnoll is moderately wounded.
The gnoll barely misses you. The gnoll hits you with a +0 halberd!
You hit the gnoll but do no damage.
The gnoll is moderately wounded.
The gnoll barely misses you.
You hit the gnoll.
The gnoll is moderately wounded.
The gnoll closely misses you. x2
You sock the gnoll!
You kill the gnoll!
Trog accepts your kill. The gnoll closely misses you. The scorpion stings you.
There are monsters nearby!
There are monsters nearby!
A red film seems to cover your vision as you go berserk!
You feel yourself moving faster!
You feel mighty!
You are feeling hungry.
The scorpion stings you.
You are poisoned.
The scorpion poisons you!
You are too injured to fight recklessly!
You are too injured to fight recklessly!
You are too injured to fight recklessly!
You are too injured to fight recklessly!
You are too injured to fight recklessly!
You closely miss the scorpion.
You feel sick. The scorpion stings you!
You are more poisoned.
The scorpion poisons you!
You hit the scorpion.
The scorpion is lightly wounded.
You feel sick. The gnoll closely misses you. The gnoll barely misses you.
The scorpion stings you!
You are more poisoned.
The scorpion poisons you!
You feel sick.
You feel a strong urge to attack something.
You feel sick.
You are too berserk!
You bludgeon the scorpion!!
You kill the scorpion!
Trog accepts your kill.
You feel sick.
You feel sick. The gnoll misses you.
The gnoll hits you from afar with a +0 spear.
Things that are here:
a goblin corpse; an adder corpse You sock the gnoll!
The gnoll is almost dead.
You feel sick. The gnoll barely misses you. x2
Unknown command.
You closely miss the gnoll.
The gnoll is almost dead.
You feel sick. The gnoll hits you but does no damage.
The gnoll hits you with a +0 whip!
* * * LOW HITPOINT WARNING * * *
Unknown command.
You closely miss the gnoll.
The gnoll is almost dead.
You feel sick. The gnoll barely misses you. x2
You sock the gnoll!
You kill the gnoll!
Trog accepts your kill.
Your Fighting skill increases to level 6!
You have reached level 6!
Your experience leads to an increase in your attributes!
Your base attributes are Str 22, Int 8, Dex 8.
Increase (S)trength, (I)ntelligence, or (D)exterity?
You feel stronger. x2
You are no longer berserk.
You are exhausted.
You feel yourself slow down.
* * * LOW HITPOINT WARNING * * *
You feel sick. The gnoll hits you with a +0 whip.
* * * LOW HITPOINT WARNING * * *
The gnoll hits you from afar with a +0 spear.
* * * LOW HITPOINT WARNING * * *
You hit the gnoll.
The gnoll is moderately wounded.
* * * LOW HITPOINT WARNING * * *
You feel sick. The gnoll closely misses you.
The gnoll hits you but does no damage.
It was a potion of flight.
You feel very buoyant.
You fly up into the air.
* * * LOW HITPOINT WARNING * * *
You feel sick. The gnoll barely misses you. The gnoll completely misses you.
The gnoll closely misses you.
The gnoll hits you from afar with a +0 spear.
* * * LOW HITPOINT WARNING * * *
* * * LOW HITPOINT WARNING * * *
You feel sick.
It was a potion of brilliance.
You feel clever all of a sudden.
You die...

###.######
#####........#
........###.##
#.###.....#
#...#.# #.#.#.#
#.....#
...#####.###+##.#
......$@gg......#
#########).)....#
#.......#
#.......#
##......#
#........
#..####.. #..# ..


You could see 2 gnolls.

Vanquished Creatures
  A bullfrog (D:3)
  A scorpion (D:3)
  An iguana (D:3)
  2 gnolls (D:3)
  2 adders (D:3)
  A dart slug (D:1)
  2 worms (D:2)
  A leopard gecko (D:1)
  An orc (D:3)
  5 bats
  3 giant cockroaches
  6 goblins
  4 hobgoblins
  3 jackals (D:2)
  2 kobolds (D:1)
  A quokka (D:3)
  3 frilled lizards
  8 rats
47 creatures vanquished.

Notes
Turn   | Place    | Note
-------+----------+-------------------------------------------
     0 | D:1      | MisterOstroum the Ogre Berserker began the quest for the
                  | Orb.
     0 | D:1      | Reached XP level 1. HP: 24/24 MP: 1/1
    63 | D:1      | Reached XP level 2. HP: 24/32 MP: 2/2
   517 | D:1      | Reached XP level 3. HP: 39/40 MP: 3/3
   779 | D:2      | Reached ** piety under Trog
   892 | D:2      | Found a sacrificial altar of Ru.
  1673 | D:3      | Reached skill level 5 in Maces & Flails
  1677 | D:3      | Reached XP level 4. HP: 48/49 MP: 4/4
  1685 | D:3      | Reached skill level 5 in Fighting
  1802 | D:3      | Noticed a bullfrog
  1814 | D:3      | Killed a bullfrog
  1814 | D:3      | Reached XP level 5. HP: 37/57 MP: 5/5
  1924 | D:3      | Reached XP level 6. HP: 25/67 MP: 6/6
  1926 | D:3      | HP: 3/67 [gnoll/+0 spear (5)]
  1927 | D:3      | HP: 1/67 [poisoned by a scorpion]
  1928 | D:3      | Succumbed to a scorpion's poison

Skill      XL: |  1  2  3  4  5 |
---------------+----------------+-----
Maces & Flails | 4 5 6 |  6.7
Fighting       | 5 6 |  6.0
Dodging        | |  2.6

Action                   |  1- 3 |  4- 6 || total
-------------------------+-------+-------++-------
Melee: Mace              |   142 |    29 ||   171
Invok: Berserk           |       |     3 ||     3
  Use: Scroll            |     3 |       ||     3
       Potion            |       |     2 ||     2
  Eat: Chunk             |     6 |     4 ||    10
Armor: Animal skin       |    43 |     4 ||    47
Dodge: Dodged            |    96 |    25 ||   121
